 Dungeon Crawl Stone Soup version 0.29.1-2-gbd0b4ee654 (webtiles) character file.

Game seed: 16505807854092185141

3934 GeoRichter the Basher (level 10, -12/88 HPs)
             Began as a Meteoran Fighter on Nov 13, 2022.
             Was a Believer of Elyvilon.
             Mangled by a boulder beetle (18 damage)
             ... on level 9 of the Dungeon.
             The game lasted 00:16:58 (2736 turns).

GeoRichter the Basher (Meteoran Fighter)            Turns: 2736, Time: 00:16:58

Health: -12/88     AC: 15    Str: 20    XL:     10   Next: 72%
Magic:  13/16      EV:  8    Int:  9    God:    Elyvilon [**....]
Gold:   263        SH:  5    Dex: 17    Spells: 9/9 levels left

rFire   . . .      SeeInvis .   b - +0 morningstar
rCold   . . .      Faith    .   c - +0 buckler
rNeg    . . .      Spirit   .   B - +0 plate armour
rPois   .          Reflect  .   h - +0 helmet
rElec   .          Harm     .   (no cloak)
rCorr   .          Rampage  .   i - +0 pair of gloves {hurl}
Will    +....                   (no boots)
Stlth   ..........              m - amulet of the acrobat
HPRegen 0.24/turn               (no ring)
MPRegen 0.15/turn               (no ring)

@: mighty, glowing
A: sense surroundings 2, otherworldly, glowing, explore regen
a: Renounce Religion, Purification, Heal Other


You were on level 9 of the Dungeon.
You worshipped Elyvilon.
Elyvilon was pleased with you.
You visited 1 branch of the dungeon, and saw 9 of its levels.

You collected 263 gold pieces.

Inventory:

Hand Weapons
 a - a +0 flail
 b - a +0 morningstar (weapon)
   (You took it off a wight on level 7 of the Dungeon)
Missiles
 t - a throwing net (quivered) {!f}
Armour
 c - a +0 buckler (worn)
 h - a +0 helmet (worn)
   (You found it on level 2 of the Dungeon)
 i - a +0 pair of gloves of hurling (worn)
   (You found it on level 3 of the Dungeon)
 B - a +0 plate armour (worn)
   (You found it on level 7 of the Dungeon)
Jewellery
 m - an amulet of the acrobat (around neck)
   (You found it on level 3 of the Dungeon)
Wands
 g - a wand of iceblast (10)
   (You found it on level 2 of the Dungeon)
Scrolls
 e - a scroll of fog
 f - 3 scrolls of immolation {!r}
 p - 2 scrolls of teleportation {@r4}
 s - 2 scrolls of amnesia
 A - 2 scrolls of magic mapping
Potions
 k - a potion of flight
 l - a potion of resistance {unknown}
 n - a potion of brilliance {unknown}
 u - a potion of attraction {unknown}
 v - a potion of curing {@q1}
 w - a potion of invisibility {unknown}
 x - a potion of mutation {unknown}


   Skills:
 + Level 8.0 Fighting
 * Level 12.3 Maces & Flails
 + Level 6.4 Armour
 + Level 5.1 Dodging
 - Level 3.6 Shields
 * Level 7.9 Invocations


You had 9 spell levels left.
You didn't know any spells.
Your spell library contained the following spells:

 Spells                   Type           Power      Damage    Failure   Level
 Scorch                   Fire           0%         2d5       100%        2
 Gell's Gravitas          Tloc           0%         N/A       100%        3
 Lesser Beckoning         Tloc           0%         N/A       100%        3
 Teleport Other           Tloc           0%         N/A       100%        3
 Flame Wave               Conj/Fire      0%         2d4       100%        4
 Summon Cactus Giant      Summ           0%         N/A       100%        6


Dungeon Overview and Level Annotations

Branches:
Dungeon (9/15) Zot: 2626   Temple (0/1) D:6            Lair (0/5) D:9
    Orc: D:9-12

Altars:
Elyvilon
Okawaru
Trog

Shops:
D:6 (


Innate Abilities, Weirdness & Mutations

You passively map the area around you.
You are easily found by Zot.
You glow in the dark.
You regain HP and MP as you explore.


Message History

You feel very mighty all of a sudden.
An efreet comes into view.
It is wielding a +1 scimitar of flaming.
You block the boulder beetle's attack.
You puncture the boulder beetle! You block the boulder beetle's attack.
The boulder beetle bites you!!
* * * LOW HITPOINT WARNING * * *
You bludgeon the boulder beetle!! You block the boulder beetle's attack.
The boulder beetle bites you but does no damage.
You puncture the boulder beetle! The boulder beetle bites you.
* * * LOW HITPOINT WARNING * * *
A kobold brigand comes into view.
It is wielding a +0 dagger and quivering curare-tipped darts.
You block the boulder beetle's attack.
You hit the boulder beetle but do no damage.
The boulder beetle bites you but does no damage. x2
You hit the boulder beetle. The boulder beetle barely misses you.
You block the boulder beetle's attack.
You hit the boulder beetle but do no damage.
The boulder beetle bites you but does no damage.
The boulder beetle barely misses you.
A kobold comes into view. It is wielding a +0 dagger.
You hit the boulder beetle but do no damage.
The sentinel's mark upon you fades away.
The boulder beetle bites you!!
* * * LOW HITPOINT WARNING * * *
The boulder beetle bites you!
* * * LOW HITPOINT WARNING * * *
You hit the boulder beetle but do no damage.
The boulder beetle bites you! Elyvilon protects you from harm!
The boulder beetle bites you! Elyvilon protects you from harm!
Heal: a boulder beetle (chance to pacify: 56%)
The boulder beetle turns neutral.
The centaur wields a +2 shortbow of freezing.
It is covered in frost.
The centaur shoots an arrow.
The arrow hits the boulder beetle but does no damage.
You block the boulder beetle's attack. x2
The kobold hits the boulder beetle but does no damage.
Lightning courses through the boulder beetle!
Your Fighting skill increases to level 8!
Your Dodging skill increases to level 5!
It was a potion of curing.
You feel better.
The centaur shoots an arrow.
The arrow hits the boulder beetle.
The arrow freezes the boulder beetle.
The boulder beetle leaps!
The boulder beetle bites you!
* * * LOW HITPOINT WARNING * * *
Nothing ails you!
Heal: a troll (chance to pacify: 42%)
The light of Elyvilon fails to reach the troll.
The boulder beetle bites you!!
You die...

#.# #.#####.# #.#
#... ,... #.#
#..#* #.# #K#
#..####.# #K#
#..##....
#K########..##...#
#c...............#
#K############....
#@# #...) #B#
#.... #T# #.#.#


RJ# #.##. ### #.# . * * #.# . .. '* ** *##. * #. You could see a boulder beetle,
a slime creature, a troll, an efreet, a kobold brigand, a centaur and 3 kobolds.

Vanquished Creatures
  A tengu conjurer (D:9)
  A shadow (D:9)
  Sigmund (D:4)
  A wraith (D:4)
  A steam dragon (D:9)
  A water moccasin (D:6)
  A black bear (D:5)
  A sky beast (D:6)
  3 orc warriors
  An ogre (D:4)
  2 centaurs
  A bullfrog (D:6)
  2 scorpions
  2 necrophages
  9 wights
  2 howler monkeys (D:8)
  2 hounds (D:5)
  2 gnoll boudas
  3 orc priests
  4 iguanas
  2 orc wizards
  13 gnolls
  5 adders
  2 shadow imps
  A white imp (D:6)
  A worm (D:5)
  2 dart slugs
  16 orcs
  4 endoplasms
  2 giant cockroaches
  5 hobgoblins
  3 ball pythons (D:3)
  2 ball python zombies (D:2)
  4 bats
  A frilled lizard (D:1)
  3 goblins
  3 kobolds
  A quokka zombie (D:2)
  2 rats
113 creatures vanquished.

Vanquished Creatures (collateral kills)
  A wyvern (D:9)
1 creature vanquished.

Vanquished Creatures (others)
  A gnoll (D:7)
  A withered plant (D:2)
2 creatures vanquished.

Grand Total: 116 creatures vanquished

Notes
Turn   | Place    | Note
-------+----------+-------------------------------------------
     0 | D:1      | GeoRichter the Meteoran Fighter began the quest for the
                  | Orb.
     0 | D:1      | Reached XP level 1. HP: 19/19 MP: 2/2
    86 | D:1      | Reached skill level 3 in Maces & Flails
    96 | D:1      | Found a faded altar of an unknown god.
   113 | D:1      | Prayed at the altar of an unknown god.
   113 | D:1      | Became a worshipper of Elyvilon the Healer
   113 | D:1      | Reached * piety under Elyvilon
   125 | D:1      | Reached XP level 2. HP: 17/26 MP: 3/3
   313 | D:2      | Reached XP level 3. HP: 31/31 MP: 4/4
   343 | D:2      | Reached skill level 4 in Maces & Flails
   420 | D:2      | Reached ** piety under Elyvilon
   686 | D:3      | Found a bloodstained altar of Trog.
  1026 | D:4      | Reached XP level 4. HP: 40/40 MP: 5/5
  1102 | D:4      | Reached *** piety under Elyvilon
  1198 | D:4      | Noticed Sigmund
  1200 | D:4      | Noticed a scorpion
  1207 | D:4      | Killed Sigmund
  1208 | D:4      | Reached skill level 6 in Maces & Flails
  1208 | D:4      | Reached XP level 5. HP: 11/47 MP: 6/6
  1208 | D:4      | Reached XP level 6. HP: 13/55 MP: 7/7
  1211 | D:4      | Reached skill level 5 in Fighting
  1211 | D:4      | Reached skill level 7 in Maces & Flails
  1236 | D:4      | Noticed an ogre
  1243 | D:4      | Killed an ogre
  1244 | D:4      | Reached XP level 7. HP: 41/61 MP: 8/8
  1313 | D:5      | Entered Level 5 of the Dungeon
  1313 | D:5      | Noticed a wraith
  1348 | D:4      | Killed a wraith
  1349 | D:4      | Reached skill level 8 in Maces & Flails
  1417 | D:5      | Reached XP level 8. HP: 65/70 MP: 9/9
  1439 | D:5      | Reached skill level 9 in Maces & Flails
  1584 | D:5      | Reached **** piety under Elyvilon
  1660 | D:5      | Reached skill level 1 in Dodging
  1660 | D:5      | Reached skill level 1 in Invocations
  1749 | D:6      | Reached skill level 10 in Maces & Flails
  1759 | D:6      | Gained mutation: You passively map the area around you.
                  | [Meteoran growth]
  1759 | D:6      | Reached XP level 9. HP: 46/78 MP: 7/12
  1774 | D:6      | Found Otolice's Weapon Emporium.
  1819 | D:7      | You fall into a shaft and drop 2 floors!
  2103 | D:7      | Reached skill level 5 in Armour
  2130 | D:7      | Reached skill level 5 in Invocations
  2168 | D:7      | Reached skill level 11 in Maces & Flails
  2356 | D:8      | Found an iron altar of Okawaru.
  2584 | D:9      | Reached XP level 10. HP: 43/86 MP: 12/15
  2705 | D:9      | Noticed a tengu conjurer
  2708 | D:9      | Noticed a boulder beetle
  2712 | D:9      | Noticed a boulder beetle
  2724 | D:9      | Killed a tengu conjurer
  2725 | D:9      | Reached skill level 12 in Maces & Flails
  2725 | D:9      | Noticed an efreet
  2733 | D:9      | Elyvilon protects you from harm!
  2733 | D:9      | Elyvilon protects you from harm!
  2734 | D:9      | Pacified a boulder beetle
  2735 | D:9      | Reached skill level 5 in Dodging
  2736 | D:9      | Mangled by a boulder beetle

Illustrated notes

Levels and vault maps discovered:
D:1:      roderic_chinese_lattice_arrival, layout_basic,
          hellmonk_ecumenical_altar_blasted, minmay_misc_feat_alley
D:2:      layout_basic, serial_undead, serial_undead_a, serial_undead_e,
          serial_undead_b, serial_undead_b,
          nicolae_concentric_dashed_squares_wild, minmay_tripent
D:3:      layout_loops_ring, mainiacjoe_overflow_alcove_2, grunt_ministairs_15
D:4:      layout_loops_ring, uniq_sigmund
D:5:      layout_cave_pools, dreamdust_mushroom_princess
D:6:      layout_rooms, minmay_temple_entry_waves, ebering_ghost_rock_garden,
          serial_shops, shop
D:7:      layout_rooms, nrook_campfire
D:8:      layout_rooms, okawaru_metal_pillars_1_2, water_maze_lemuel
D:9:      minmay_shrinking_squares, layout_loops_ring, dpeg_oklobed_lair,
          serial_shops, shop_coins, kennysheep_generic_room_12

Skill      XL: |  1  2  3  4  5  6  7  8  9 10 |
---------------+-------------------------------+-----
Maces & Flails | 3 4 6 7 8 10 11 12 | 12.3
Fighting       | 4 5 6 7 8 |  8.0
Dodging        | 2 3 5 |  5.1
Invocations    | 3 6 7 |  7.9
Armour         | 4 5 6 |  6.4
Shields        | |  3.6

Action                   |  1- 3 |  4- 6 |  7- 9 | 10-12 || total
-------------------------+-------+-------+-------+-------++-------
Melee: Flail             |    99 |    25 |   244 |       ||   368
       Morningstar       |       |       |    93 |    78 ||   171
Invok: Heal Self         |       |       |     7 |     5 ||    12
       Heal Other        |       |       |     4 |     3 ||     7
  Use: Potion            |       |     1 |       |     3 ||     4
       Scroll            |       |       |       |     9 ||     9
Armor: Scale mail        |    53 |     6 |    86 |       ||   145
       Plate armour      |       |       |    60 |    61 ||   121
Dodge: Dodged            |    31 |    12 |   142 |    36 ||   221
Block: Buckler           |    31 |     1 |    90 |    31 ||   153
